 Dungeon Crawl Stone Soup version 0.32-a0-630-g46d191b0ed (webtiles) character file.

Game seed: 3263417736527715002

97312 Aldia the Severer (level 15, -5/132 HPs)
             Began as a Mountain Dwarf Reaver on Mar 6, 2024.
             Was an Elder of Qazlal.
             Killed from afar by a fire giant (23 damage)
             ... with a bolt of fire
             ... on level 14 of the Dungeon.
             The game lasted 00:46:39 (24250 turns).

Aldia the Severer (Mountain Dwarf Reaver)          Turns: 24250, Time: 00:46:41

Health: -5/132     AC: 30    Str: 24    XL:     15   Next: 71%
Magic:  20/24      EV: 11    Int: 14    God:    Qazlal [****..]
Gold:   741        SH: 19    Dex: 16    Spells: 11/18 levels left

rFire   + . .        g - +8 broad axe (heavy)
rCold   . . .        O - +0 kite shield
rNeg    . . .        R - +1 storm dragon scales "Jezoomu" {rElec Str+2 Dex+2}
rPois   .            o - +2 helmet
rElec   +            T - +2 cloak {rCorr}
rCorr   +            X - +2 pair of gloves
SInv    .            P - +2 pair of boots
Will    +....        Y - amulet of regeneration Stlth
                     r - ring of protection from fire
HPRegen 1.22/turn    N - +6 ring of dexterity
MPRegen 0.19/turn

%: repel missiles
@: no status effects
A: runic magic, artefact enchanting
a: Renounce Religion, Upheaval, Elemental Force


You were on level 14 of the Dungeon.
You worshipped Qazlal.
Qazlal was greatly pleased with you.
You visited 4 branches of the dungeon, and saw 22 of its levels.
You also visited: Ossuary and Bailey.

You collected 1999 gold pieces.
You spent 1258 gold pieces at shops.

Inventory:

Hand Weapons
 g - a +8 heavy broad axe (weapon)
Missiles
 I - 3 curare-tipped darts
 Q - 19 poisoned darts (quivered)
 S - a throwing net
Armour
 o - a +2 helmet (worn)
 O - a +0 kite shield (worn)
 P - a +2 pair of boots (worn)
 R - the +1 storm dragon scales "Jezoomu" (worn) {rElec Str+2 Dex+2}
   (You found it on level 8 of the Dungeon)

   Str+2:     It affects your strength (+2).
   Dex+2:     It affects your dexterity (+2).
   rElec:     It insulates you from electricity.
 T - a +2 cloak of preservation (worn)
 X - a +2 pair of gloves (worn)
Jewellery
 b - a ring of poison resistance
 r - a ring of protection from fire (left hand)
 A - a ring of protection from cold
 C - a ring of resist corrosion
 F - a ring of wizardry
 M - a ring of willpower
 N - a +6 ring of dexterity (right hand)
 W - a ring of willpower
 Y - an amulet of regeneration (around neck)
Wands
 t - a wand of mindburst (9)
 D - a wand of roots (12)
 K - a wand of charming (11)
Scrolls
 d - 5 scrolls of fog
 k - 9 scrolls of teleportation
 l - 3 scrolls of amnesia
 s - 13 scrolls of noise
 w - a scroll of silence
 y - 3 scrolls of vulnerability
 B - a scroll of poison
 E - 2 scrolls of immolation
 J - a scroll of revelation
 L - 2 scrolls of blinking
 V - 5 scrolls of identify
Potions
 a - 4 potions of might
 c - 11 potions of curing
 f - 3 potions of enlightenment
 h - a potion of cancellation
 j - 3 potions of invisibility
 m - 2 potions of ambrosia
 n - 5 potions of mutation
 q - 2 potions of lignification
 u - 3 potions of haste
 v - a potion of magic
 x - 2 potions of heal wounds
 z - 2 potions of attraction
 H - a potion of brilliance
 U - 2 potions of resistance


   Skills:
 - Level 12.0 Fighting
 - Level 18.0 Axes
 + Level 11.3 Armour
 - Level 6.0 Dodging
 - Level 15.0 Shields
 - Level 2.0 Spellcasting
 - Level 2.6 Conjurations
 + Level 7.4 Necromancy
 - Level 13.0 Invocations


You had 11 spell levels left.
You knew the following spells:

 Your Spells              Type           Power      Damage    Failure   Level
a - Animate Dead          Necr           22%        N/A       24%         4
b - Fugue of the Fallen   Necr           22%        N/A       8%          3

Your spell library contained the following spells:

 Spells                   Type           Power      Damage    Failure   Level
 Necrotise                Necr           88%        1d8       2%          1
 Kiss of Death            Conj/Necr      60%        2d10      7%          1
 Dispel Undead            Necr           22%        3d12      24%         4
 Sting                    Conj/Alch      20%        1d4       30%         1
 Momentum Strike          Conj/Tloc      10%        3d8       41%         2
 Apportation              Tloc           2%         N/A       45%         1
 Freeze                   Ice            4%         1d3       45%         1
 Summon Small Mammal      Summ           4%         N/A       45%         1
 Ensorcelled Hibernation  Hex/Ice        2%         N/A       61%         2
 Jinxbite                 Hex            2%         N/A       61%         2
 Lesser Beckoning         Tloc           2%         N/A       61%         2
 Hailstorm                Conj/Ice       5%         3d5       65%         3
 Anguish                  Hex/Necr       5%         N/A       75%         4
 Confusing Touch          Hex            1%         N/A       83%         3
 Frozen Ramparts          Ice            2%         1d1       83%         3
 Gell's Gravitas          Tloc           1%         N/A       83%         3
 Teleport Other           Tloc           1%         N/A       83%         3
 Volatile Blastmotes      Fire/Tloc      2%         2d10      83%         3
 Fulminant Prism          Conj/Alch      2%         3d5       96%         4
 Iskenderun's Mystic Bla  Conj/Tloc      5%         2d3       96%         4
 Alistair's Intoxication  Alch           0%         N/A       100%        5
 Dispersal                Tloc           0%         N/A       100%        6
 Haunt                    Necr/Summ      5%         N/A       100%        7
 Infestation              Necr           11%        N/A       100%        8


Dungeon Overview and Level Annotations

Branches:
Dungeon (14/15)            Temple (1/1) D:7            Lair (5/5) D:11
  Swamp (0/4) Lair:3       Spider (0/4) Lair:3        Slime (0/5) Lair:5
    Orc (2/2) D:11            Elf (0/3) Orc:2        Vaults (0/5) D:13
Ossuary (visited)          Bailey (visited)

Altars:
Ashenzari
Cheibriados
Dithmenos
Elyvilon
Fedhas
Gozag
Hepliaklqana
Kikubaaqudgha
Makhleb
Nemelex Xobeh
Okawaru
Qazlal
Ru
Sif Muna
Trog
Uskayaw
Vehumet
Wu Jian
Xom
Yredelemnul
Zin
The Shining One
Jiyva
Lugonu

Shops:
D:1 !   D:4 [   Orc:1 :   Orc:2 (=**

Portals:
Abyss: Lair:5
Pandemonium: Orc:2

Annotations:
D:3 2 transporters, BurgerDrawz's ghost, weakling MiGl
Lair:5 3 runed translucent doors, Pokonic1's ghost, journeyman MiBe


Innate Abilities, Weirdness & Mutations

Your spellcasting is much less encumbered by armour.
You can use scrolls of enchantment on lesser artefacts.


Message History

Unknown command.
You barely miss the fire giant.
The fire giant is moderately wounded.
You slice the meliai!!
You kill the meliai!
Qazlal accepts your kill.
The boulder beetle is no longer paralysed.
Your air elemental hits the boulder beetle but does no damage. x2
The queen bee barely misses your air elemental.
The fire giant casts a spell at you.
The bolt of fire is repelled.
The boulder beetle curls into a ball and begins rolling!
Your earth elemental hits the queen bee!
Unknown command.
Unknown command.
Unknown command.
Unknown command.
You slice the fire giant!!
The fire giant is heavily wounded.
Your air elemental hits the boulder beetle but does no damage.
Your air elemental barely misses the boulder beetle.
Your air elemental hits the boulder beetle but does no damage.
The queen bee stings your earth elemental.
The fire giant casts a spell at you. The bolt of fire hits you!! You resist.
* * * LOW HITPOINT WARNING * * *
The boulder beetle hits your air elemental but does no damage.
The boulder beetle stops rolling and uncurls.
Unknown command.
Unknown command.
Unknown command.
Unknown command.
You slice the fire giant!!
The fire giant is severely wounded.
You hear an angry buzzing noise.
Your air elemental hits the boulder beetle but does no damage. x2
The queen bee stings your earth elemental!
The fire giant points at you and mumbles some strange words.
The bolt of fire hits you!! You resist.
You die...

#...≈..##.#......# ....
##....#..†...#...# ..
.#. #####...≈.####..#
... .. ###.....# #(.#
..# .#####...#...# #..#
.##.##B..##.P.....#
#..#
......EE)##...#...#
#..#
......yC.##...#...#
#..#
#.....§E@.##..#...#
......§†).###.....#
#.....)°..# ###...#
#........)# #...#
#.........# #...#
#........)#####...####.
.........()............
#######################


You could see a fire giant (ally target), a boulder beetle (ally target), a
queen bee (distracted, ally target), 2 friendly earth elementals and a friendly
air elemental (summoned).

Vanquished Creatures
  An ironbound preserver (D:13)
  Snorg (Lair:4)
  Josephine (D:10)
  A yaktaur captain (D:14)
  A rakshasa (D:14)
  2 demonspawn (Orc:2)
  3 hydras
  5 centaur warriors
  3 catoblepae
  4 death yaks (Lair:5)
  5 boulder beetles
  5 two-headed ogres
  9 orc high priests
  A tengu warrior (D:14)
  Sonja (D:12)
  3 thrashing horrors (Lair:5)
  5 skeletal warriors (D:13)
  A skyshark (Lair:5)
  A deep elf pyromancer (D:13)
  7 orc knights
  A deep elf zephyrmancer (Bailey)
  11 ugly things
  2 cyclopes
  2 manticores (D:14)
  7 orc sorcerers
  2 meliai (D:14)
  8 kobold blastminers
  15 elephants
  5 black mambas
  3 smoke demons (Lair:5)
  A yaktaur (D:10)
  A gargoyle (D:12)
  16 cane toads
  4 komodo dragons
  Jeremiah (D:9)
  4 rime drakes
  A kobold demonologist (D:10)
  5 unseen horrors
  A red devil (Orc:2)
  5 trolls
  16 blink frogs
  A tyrant leech (Lair:3)
  3 raiju (Lair:5)
  6 dream sheep (Lair:4)
  4 shadows
  2 jumping spiders (Lair:3)
  9 small abominations (Lair:5)
  4 slime creatures
  2 ynoxinuls (Lair:5)
  8 wraiths
  2 spriggans
  6 wyverns
  A vampire (D:10)
  32 yaks
  A basilisk (shapeshifter) (D:10)
  9 basilisks
  A fire elemental (D:10)
  A human (shapeshifter) (D:13)
  A redback (shapeshifter) (Lair:5)
  4 fire bats (D:10)
  A neqoxec (Orc:2)
  A steam dragon (D:8)
  3 redbacks (Lair:3)
  2 wargs (Orc:1)
  8 vampire mosquitoes
  Menkaure (D:5)
  2 swamp worms (Lair:3)
  17 water moccasins
  3 acid dragons
  A hell hound (D:10)
  Duvessa (D:6)
  23 orc warriors
  An ice beast (D:6)
  7 black bears
  6 ogres
  14 wolves
  8 centaurs
  A weeping skull (Ossuary)
  A phantom (D:5)
  4 kobold brigands
  11 bullfrogs
  3 gnoll sergeants
  3 scorpions
  A burial acolyte (Ossuary)
  3 wights (D:8)
  Dowan (D:6)
  27 killer bees
  2 troll zombies (D:11)
  8 howler monkeys
  6 electric eels
  2 lava snakes (D:10)
  19 orc priests
  7 bombardier beetles
  8 hounds
  A human zombie (Ossuary)
  Crazy Yiuf (D:3)
  4 sleepcaps
  Ijyb (D:5)
  13 orc wizards
  4 iguanas
  4 ogre zombies (D:11)
  5 mummies (Ossuary)
  29 gnolls
  6 adders
  A howler monkey simulacrum (D:9)
  3 white imps
  2 ribbon worms
  A dart slug (D:3)
  63 orcs
  8 ball pythons
  6 bats
  14 endoplasms
  4 giant cockroaches
  12 goblins
  4 hobgoblins
  16 jackals
  23 kobolds
  4 quokkas
  4 frilled lizards
  5 gnoll skeletons (D:11)
  3 gnoll zombies
  A jackal zombie (D:4)
  3 kobold zombies (Ossuary)
  2 orc skeletons (D:11)
  13 orc zombies
  4 rats
738 creatures vanquished.

Vanquished Creatures (collateral kills)
  A death yak (Lair:4)
  A komodo dragon (Lair:5)
  An orc warrior (D:10)
3 creatures vanquished.

Vanquished Creatures (others)
  An orc warrior (Bailey)
  A killer bee (D:14)
  A gnoll (D:7)
3 creatures vanquished.

Grand Total: 744 creatures vanquished

Notes
Turn   | Place    | Note
-------+----------+-------------------------------------------
     0 | D:1      | Aldia the Mountain Dwarf Reaver began the quest for the
                  | Orb.
     0 | D:1      | Reached XP level 1. HP: 17/17 MP: 3/3
    65 | D:1      | Reached skill level 4 in Axes
   118 | D:1      | Reached XP level 2. HP: 25/25 MP: 4/4
   163 | D:1      | Found Veuryzon's Distillery.
   198 | D:1      | Reached skill level 1 in Necromancy
   668 | D:1      | Reached XP level 3. HP: 25/30 MP: 6/6
   875 | D:1      | Bought a potion of curing for 36 gold pieces
  1368 | D:2      | Reached skill level 1 in Armour
  1591 | D:2      | Reached XP level 4. HP: 38/38 MP: 7/7
  1792 | D:3      | Noticed a phantom
  1796 | D:3      | Noticed BurgerDrawz's ghost (weakling MiGl)
  1941 | D:3      | Identified the +3 leather armour of Daisies {SInv}
  1946 | D:3      | Found a faded altar of an unknown god.
  1982 | D:3      | Found a transporter.
  1985 | D:3      | Found a transporter.
  2005 | D:3      | Reached skill level 5 in Axes
  2020 | D:3      | Reached XP level 5. HP: 19/45 MP: 8/8
  2459 | D:3      | Found a runed translucent door.
  2460 | D:3      | Noticed Crazy Yiuf
  2564 | D:3      | Found a white marble altar of Elyvilon.
  2591 | D:3      | Became a worshipper of Elyvilon the Healer
  2773 | D:3      | Killed Crazy Yiuf
  2862 | D:4      | Reached skill level 6 in Axes
  2862 | D:4      | Reached skill level 1 in Invocations
  2862 | D:4      | Reached XP level 6. HP: 44/52 MP: 9/9
  2895 | D:4      | Found a sand-covered staircase.
  2906 | Ossuary  | Entered an ossuary
  3212 | Ossuary  | Reached XP level 7. HP: 42/60 MP: 10/10
  3326 | D:1      | Bought a potion of heal wounds for 60 gold pieces
  3326 | D:1      | Bought a potion of attraction for 36 gold pieces
  3485 | D:4      | Reached skill level 7 in Axes
  3839 | D:4      | Reached skill level 5 in Fighting
  4081 | D:4      | Reached * piety under Elyvilon
  4399 | D:4      | Reached skill level 8 in Axes
  4399 | D:4      | Reached XP level 8. HP: 67/68 MP: 11/11
  4517 | D:4      | Found Setiw Qia's Armour Shoppe.
  4610 | D:4      | Found an ancient bone altar of Kikubaaqudgha.
  4801 | D:5      | Entered Level 5 of the Dungeon
  4801 | D:5      | Noticed Menkaure
  4889 | D:5      | Found a snail-covered altar of Cheibriados.
  5174 | D:5      | Reached ** piety under Elyvilon
  5179 | D:5      | Killed Menkaure
  5180 | D:5      | Reached skill level 9 in Axes
  5180 | D:5      | Reached skill level 5 in Invocations
  5201 | D:5      | Found a burning altar of Makhleb.
  5231 | D:5      | Noticed Ijyb
  5241 | D:5      | Killed Ijyb
  5242 | D:5      | Reached skill level 5 in Armour
  5703 | D:6      | Reached XP level 9. HP: 72/75 MP: 13/13
  5986 | D:6      | Noticed Duvessa
  5986 | D:6      | Noticed Dowan
  6005 | D:6      | Killed Dowan
  6006 | D:6      | Reached skill level 10 in Axes
  6015 | D:6      | Killed Duvessa
  6597 | D:6      | Reached *** piety under Elyvilon
  6843 | D:1      | Bought a potion of invisibility for 96 gold pieces
  6843 | D:1      | Bought a potion of berserk rage for 60 gold pieces
  6843 | D:1      | Bought a potion of brilliance for 48 gold pieces
  7280 | D:7      | Found a staircase to the Ecumenical Temple.
  7287 | Temple   | Entered the Ecumenical Temple
  7291 | Temple   | Fell from the grace of Elyvilon
  7291 | Temple   | Became a worshipper of Qazlal Stormbringer
  7508 | D:7      | Reached skill level 11 in Axes
  8468 | D:8      | Reached skill level 1 in Shields
  8933 | D:8      | Reached XP level 10. HP: 83/86 MP: 15/15
  9487 | D:8      | Identified the +0 storm dragon scales "Jezoomu" {rElec
                  | Str+2 Dex+2}
  9983 | D:9      | Reached * piety under Qazlal
 10161 | D:9      | Reached skill level 5 in Shields
 10215 | D:9      | Noticed Jeremiah
 10225 | D:9      | Killed Jeremiah
 10566 | D:9      | Noticed a two-headed ogre
 10575 | D:9      | Killed a two-headed ogre
 10913 | D:9      | Noticed a skeletal warrior
 11266 | D:10     | Entered Level 10 of the Dungeon
 11318 | D:10     | Identified the +4 rapier of Tension {protect, rF- rN+
                  | rCorr}
 11348 | D:10     | Found a shimmering blue altar of Sif Muna.
 11424 | D:10     | Noticed a two-headed ogre
 11430 | D:10     | Noticed Josephine
 11435 | D:10     | Killed a two-headed ogre
 11498 | D:10     | Reached XP level 11. HP: 28/86 MP: 16/16
 11569 | D:10     | Noticed a boulder beetle
 11719 | D:10     | Killed a boulder beetle
 11740 | D:10     | Found a flagged portal.
 11757 | Bailey   | Entered a bailey
 11817 | Bailey   | Found a large runed translucent door.
 11817 | Bailey   | Found a large runed translucent door.
 11819 | Bailey   | Noticed a deep elf zephyrmancer
 11840 | Bailey   | Noticed an orc knight
 11889 | Bailey   | Killed an orc knight
 11890 | Bailey   | Reached skill level 10 in Shields
 12192 | Bailey   | Killed a deep elf zephyrmancer
 12198 | Bailey   | Identified the +1 scale mail "Vumyatode" {rPois}
 12334 | D:10     | Noticed a two-headed ogre
 12335 | D:10     | Reached ** piety under Qazlal
 12348 | D:10     | Killed a two-headed ogre
 12652 | D:10     | Noticed a two-headed ogre
 13198 | D:10     | Killed Josephine
 13737 | D:11     | Noticed a two-headed ogre
 13763 | D:11     | Killed a two-headed ogre
 13828 | D:11     | Reached XP level 12. HP: 104/104 MP: 19/19
 13829 | D:11     | Found a staircase to the Lair.
 13829 | D:11     | Noticed a two-headed ogre
 13839 | D:11     | Killed a two-headed ogre
 13973 | D:11     | Reached skill level 10 in Invocations
 14019 | D:11     | Reached *** piety under Qazlal
 14083 | D:11     | Found a staircase to the Orcish Mines.
 14669 | Lair:1   | Entered Level 1 of the Lair of Beasts
 14669 | Lair:1   | Noticed a catoblepas
 14682 | Lair:1   | Killed a catoblepas
 14683 | Lair:1   | Reached skill level 12 in Axes
 15062 | Lair:1   | Reached **** piety under Qazlal
 15107 | Lair:1   | Reached skill level 13 in Axes
 16265 | Lair:2   | Reached skill level 14 in Axes
 16334 | Lair:2   | Identified a scroll of acquirement
 16335 | Lair:2   | Acquired a +5 heavy broad axe
 16643 | Lair:3   | Noticed a boulder beetle
 16651 | Lair:3   | Killed a boulder beetle
 16652 | Lair:3   | Reached XP level 13. HP: 111/111 MP: 20/20
 16702 | Lair:3   | Reached skill level 5 in Dodging
 16705 | Lair:3   | Identified the +2 whip of Conversion {venom, rElec Will+
                  | rCorr}
 16900 | Lair:3   | Reached skill level 15 in Axes
 16912 | Lair:3   | Found a hole to the Spider Nest.
 17233 | Lair:3   | Identified the +1 triple crossbow of Piyr {flame, Dex+5
                  | Stlth+}
 17373 | Lair:3   | Found a staircase to the Swamp.
 17854 | Lair:4   | Reached ***** piety under Qazlal
 17962 | Lair:4   | You fall into a shaft and drop 1 floor!
 17962 | Lair:5   | Entered Level 5 of the Lair of Beasts
 17962 | Lair:5   | Found a viscous altar of Jiyva.
 17962 | Lair:5   | Found a staircase to the Slime Pits.
 17976 | Lair:5   | Reached skill level 10 in Fighting
 17976 | Lair:5   | Reached skill level 10 in Armour
 17977 | Lair:5   | Noticed Snorg
 18472 | Lair:4   | Reached skill level 16 in Axes
 18947 | Lair:4   | Killed Snorg
 18988 | Lair:5   | Reached XP level 14. HP: 95/122 MP: 22/22
 19160 | Lair:5   | Found a runed translucent gate.
 19161 | Lair:5   | Found a runed translucent gate.
 19162 | Lair:5   | Found a runed translucent gate.
 19162 | Lair:5   | Noticed Pokonic1's ghost (journeyman MiBe)
 19879 | Lair:5   | Reached skill level 17 in Axes
 20409 | Lair:5   | Found a corrupted altar of Lugonu.
 20409 | Lair:5   | Found a one-way gate to the infinite horrors of the Abyss.
 20414 | Lair:5   | Identified the +0 chain mail of the Minstrel {rElec rC+++
                  | Str-5 Dex-5}
 20438 | Lair:5   | Learned a level 4 spell: Animate Dead
 20703 | Orc:1    | Entered Level 1 of the Orcish Mines
 20833 | Orc:1    | Found Gixzeog's Book Emporium.
 20843 | Orc:1    | Bought a book of Dreams for 312 gold pieces
 20847 | Orc:1    | Learned a level 3 spell: Fugue of the Fallen
 20892 | Orc:2    | Entered Level 2 of the Orcish Mines
 21048 | Orc:1    | Reached skill level 18 in Axes
 21434 | Orc:2    | Found a staircase to the Elven Halls.
 21572 | Orc:2    | Found Entax Beme's General Store.
 21591 | Orc:2    | Found Cufowiap's General Store.
 21629 | Orc:2    | Bought a scroll of teleportation for 39 gold pieces
 21629 | Orc:2    | Bought a scroll of teleportation for 39 gold pieces
 21631 | Orc:2    | Bought a potion of cancellation for 112 gold pieces
 21727 | Orc:2    | Reached XP level 15. HP: 101/128 MP: 20/24
 21741 | Orc:2    | Reached skill level 5 in Necromancy
 21982 | Orc:2    | Found Qamew's Jewellery Shoppe.
 21982 | Orc:2    | Found Vor Paegg's Antique Weapon Emporium.
 21983 | Orc:2    | Found a one-way gate leading to the halls of Pandemonium.
 22195 | D:12     | Noticed Sonja
 22204 | D:12     | Killed Sonja
 22357 | D:12     | Identified the +6 scale mail of the Crypt {rElec Dex+4}
 23102 | D:13     | Found a gate to the Vaults.
 23943 | Orc:2    | Bought an amulet of regeneration for 420 gold pieces
 24093 | D:14     | Reached skill level 15 in Shields
 24231 | D:14     | Noticed a fire giant
 24250 | D:14     | Killed from afar by a fire giant

Illustrated notes

Levels and vault maps discovered:
D:1:      dpeg_arrival_more_subterranean_lakeside_camping, layout_loops_ring,
          serial_shops, nicolae_shop_waterfront
D:2:      layout_loops_corners, chequers_jeans, minmay_misc_feat_diagonals
D:3:      layout_rooms, elyvilon_altar_3,
          hellmonk_ecumenical_altar_heavens_door, gammafunk_ghost_arena,
          uniq_crazy_yiuf_cottage
D:4:      lemuel_castle_with_subvaults [lemuel_castle_interior_carwin_2],
          layout_rooms, marbit_many_paths, serial_shops,
          nicolae_shop_hallway_plus, enter_ossuary_3
D:5:      layout_gridville, bloody_makhleb, cheibrodos_worm_habitat,
          amethyst_killhole, uniq_ijyb, uniq_menkaure
D:6:      layout_basic, nrook_uturn, uniq_duvessa
D:7:      layout_basic, minmay_temple_entry_waves, grunt_ministairs_8
D:8:      layout_cave_pods
D:9:      layout_stronghold, grunt_tough_drop, uniq_jeremiah
D:10:     wad_arrow_thing, layout_rooms, hellmonk_sif_muna_bookshelves,
          lightli_bailey_entry_fortress, hangedman_incinerator, uniq_josephine
D:11:     layout_basic, minmay_lair_entry_grove, zombieorc1_lemuel
D:12:     layout_roguey, uniq_sonja
D:13:     layout_cave_pools, skrybe_vaults_entry_preservation,
          minmay_door_square, disabler_island
D:14:     regret_index_tunnel_blossom, layout_long_grid,
          hangedman_abyss_or_decor_clamps
Temple:   sentei_temple_godly_chess
Lair:1:   layout_roguey, serial_bayou_shore_b, lemuel_fruit_tree,
          serial_bayou_shore_a, grunt_megastairs_1, infiniplex_staircase_pool
Lair:2:   layout_roguey, serial_bayou_shore_b
Lair:3:   layout_long_grid, palyth_hydra_swamp_entry, spider_nest_entry_a,
          grunt_megastairs_3
Lair:4:   cheibrodos_lair_river_kwai, layout_cave_pods
Lair:5:   hellmonk_lair_end_abyssal_woods, layout_long_grid, slime_entry_1,
          gammafunk_ghost_split, uniq_snorg
Orc:1:    layout_caves, serial_shops, shop
Orc:2:    pf_orc_diabolical, layout_caves

Skill      XL: |  1  2  3  4  5  6  7  8  9 10 11 12 13 14 15 |
---------------+----------------------------------------------+-----
Axes           | 4 5 6 8 9 11 14 16 18 | 18.0
Necromancy     | 1 4 7 |  7.4
Spellcasting   | 2 |  2.0
Fighting       | 3 4 5 6 7 9 10 11 12 | 12.0
Armour         | 1 2 3 4 5 6 8 9 10 11 | 11.3
Invocations    | 1 2 3 5 7 9 10 13 | 13.0
Shields        | 2 8 11 12 13 15 | 15.0
Dodging        | 2 4 5 6 |  6.0
Conjurations   | |  2.6

Action                     |  1- 3 |  4- 6 |  7- 9 | 10-12 | 13-15 || total
---------------------------+-------+-------+-------+-------+-------++-------
  Melee: Hand axe          |    41 |       |       |       |       ||    41
         War axe           |   101 |   156 |   590 |   972 |       ||  1819
         Broad axe         |       |       |       |    17 |   592 ||   609
  Throw: Dart              |       |       |       |     1 |       ||     1
   Cast: Kiss of Death     |       |     1 |       |       |       ||     1
 Invoke: Upheaval          |       |       |       |     2 |    10 ||    12
         Elemental Force   |       |       |       |       |     5 ||     5
         Disaster Area     |       |       |       |       |     2 ||     2
  Evoke: Wand              |       |       |     1 |    13 |     1 ||    15
    Use: Scroll            |     1 |     2 |     8 |    20 |     7 ||    38
         Potion            |       |       |     2 |     5 |     1 ||     8
   Stab: Petrified         |       |       |       |     4 |       ||     4
         Petrifying        |       |       |       |     1 |       ||     1
 Armour: Leather armour    |    31 |       |       |       |       ||    31
         Plate armour      |   108 |   155 |   653 |    11 |       ||   927
         Storm dragon scal |       |       |       |   602 |   443 ||  1045
  Dodge: Dodged            |    46 |    26 |   191 |   189 |   147 ||   599
         Repelled          |       |       |       |     6 |    26 ||    32
  Block: Kite shield       |       |       |    11 |   841 |   822 ||  1674
         Reflection        |       |       |       |     1 |    25 ||    26

Table legend: (Time is in decaauts)
 A = Elapsed time spent in this place.
 B = Non-inter-level travel time spent in this place.
 C = Inter-level travel time spent in this place.
 D = Time resting spent in this place.
 E = Time spent auto-exploring this place.
 F = Levels seen in this place.
 G = Mean time per level.
                   A        B        C        D        E       F      G
               +--------+--------+--------+--------+--------+-----+--------+
         Total |  24587 |  23134 |   1453 |   2168 |  15658 |  24 | 1024.5 |
       Dungeon |  15986 |  15004 |    982 |   1120 |  10515 |  14 | 1141.9 |
        Temple |      8 |      5 |      3 |      0 |      0 |   1 |    8.0 |
          Lair |   6112 |   5827 |    285 |    743 |   3899 |   5 | 1222.4 |
  Orcish Mines |   1619 |   1437 |    182 |    212 |    906 |   2 |  809.5 |
       Ossuary |    366 |    366 |      0 |     93 |     51 |   1 |  366.0 |
        Bailey |    494 |    494 |      0 |      0 |    286 |   1 |  494.0 |
               +--------+--------+--------+--------+--------+-----+--------+

Top non-repeatable levels by time:
  Lair:4: 2150 daAuts
    D:10: 1821 daAuts
     D:9: 1669 daAuts
     D:4: 1602 daAuts
     D:6: 1405 daAuts
     D:7: 1332 daAuts
    D:11: 1227 daAuts
  Lair:1: 1219 daAuts
     D:8: 1193 daAuts
     D:3: 1131 daAuts
  Lair:5: 1119 daAuts
   Orc:2: 1081 daAuts
     D:1: 996 daAuts
    D:13: 962 daAuts
     D:2: 929 daAuts
